[Event "Titled Tuesday Blitz June 27 Early 2023"]
[White "Cesar Maestre, Bernardo"]
[Black "Di Benedetto, Edoardo"]
[WhiteFideId "24542547"]
[BlackFideId "875740"]
[WhiteElo "2507"]
[BlackElo "2692"]
[Result "0-1"]
[Round "3"]
[TimeControl "180+2"]
[Date "2023.06.27"]
[WhiteClock "0:00:00"]
[BlackClock "0:00:14"]
[Board "96"]

1. c4 e6 2. g3 d5 3. Bg2 Nf6 4. Nf3 Nbd7 5. b3 Be7 6. O-O O-O 7. Bb2 b6 8. cxd5 exd5 9. d4 Ba6 10. Nc3 Bd6 11. Ne1 Re8 12. Nd3 c6 13. Rc1 Rc8 14. Re1 Ne4 15. e3 f5 16. f3 Nxc3 17. Bxc3 Qg5 18. Nf2 Rxe3 19. f4 Rxe1+ 20. Bxe1 Qf6 21. Rxc6 Qe6 22. Rxc8+ Bxc8 23. Bd2 Nf6 24. Qe1 Ne4 25. Bb4 Qe7 26. Bxd6 Qxd6 27. Nd3 Ba6 28. Nb4 Bb7 29. Bxe4 dxe4 30. Qc3 h6 31. Nc2 Ba6 32. a3 Bd3 33. Nb4 Bb5 34. a4 Bd7 35. d5 Kf7 36. Qc4 Ke7 37. Kf2 Qc5+ 38. Qxc5+ bxc5 39. Nc2 Kd6 40. Ne3 g6 41. Ke2 Bc8 42. Kd2 Bb7 43. Nc4+ Kxd5 44. Ne5 g5 45. Nf7 gxf4 46. gxf4 h5 47. Ke3 Bc6 48. Ne5 Be8 49. Nc4 Bf7 50. Nd2 Kd6 51. Ke2 Kc6 52. Ke3 Kb6 53. Ke2 Ka5 54. Kd1 Kb4 55. Kc2 c4 56. bxc4 Bxc4 57. Kb2 Be6 58. Nf1 Kxa4 59. Kc3 Kb5 60. Ne3 a5 61. Kd4 a4 62. Ke5 Bc8 63. Kd4 Kb4 64. Nd5+ Kb3 0-1


[Site "https://www.chess.com"]

[Event "Titled Tuesday Blitz June 27 Early 2023"]
[White "Pham, Le Thao Nguyen"]
[Black "Mirzoev, Azer"]
[WhiteFideId "12401226"]
[BlackFideId "13400304"]
[WhiteElo "2503"]
[BlackElo "2690"]
[Result "0-1"]
[Round "3"]
[TimeControl "180+2"]
[Date "2023.06.27"]
[WhiteClock "0:00:08"]
[BlackClock "0:00:47"]
[Board "97"]

1. d4 c6 2. c4 d5 3. cxd5 cxd5 4. Nc3 Nc6 5. Nf3 e6 6. Bf4 Bd6 7. Bg3 Nh6 8. e3 Nf5 9. Bd3 Nxg3 10. hxg3 g6 11. Rc1 Bd7 12. a3 Rc8 13. Rc2 Kf8 14. b4 Kg7 15. Qb1 a5 16. b5 Ne7 17. Qb2 f6 18. Ke2 h5 19. Rhc1 g5 20. Na4 Rxc2+ 21. Rxc2 h4 22. g4 h3 23. gxh3 Rxh3 24. Nc5 Bc8 25. e4 Ng6 26. Ng1 Nf4+ 27. Kd2 Rh2 28. Ke3 b6 29. Na4 Rh1 30. Rc1 Nxd3 31. Kxd3 dxe4+ 32. Ke2 Bb7 33. Qc2 Bd5 34. Qb2 Bf4 35. Rd1 Qc7 0-1


[Site "https://www.chess.com"]

[Event "Titled Tuesday Blitz June 27 Early 2023"]
[White "Mattheii"]
[Black "Liyanage, Ranindu Dilshan"]
[BlackFideId "9915834"]
[WhiteElo "2502"]
[BlackElo "2687"]
[Result "1-0"]
[Round "3"]
[TimeControl "180+2"]
[Date "2023.06.27"]
[WhiteClock "0:00:16"]
[BlackClock "0:00:22"]
[Board "98"]

1. d4 d5 2. c4 e6 3. Nc3 Nf6 4. Bg5 Be7 5. e3 Nbd7 6. Nf3 O-O 7. cxd5 exd5 8. Bd3 h6 9. Bh4 c6 10. O-O a5 11. Qc2 Re8 12. Rab1 b5 13. Ne2 Qb6 14. a4 b4 15. Nc1 c5 16. Bb5 Ra7 17. dxc5 Qxc5 18. Qxc5 Bxc5 19. Nb3 Bb6 20. Nbd4 Rc7 21. Bxf6 gxf6 22. Rbc1 Bc5 23. Nb3 Rd8 24. Bxd7 Bxd7 25. Rxc5 Rb7 26. Rxd5 Rc8 27. Nc5 Bc6 28. Rd6 Rbc7 29. Nd3 Bxa4 30. h4 Bb5 31. Ra1 a4 32. Nxb4 Rc1+ 33. Rxc1 Rxc1+ 34. Kh2 Rb1 35. Rd2 Bc4 36. Nd4 h5 37. Nbc6 Kg7 38. Ne7 Ba2 39. Nef5+ Kg6 40. Ne7+ Kg7 41. Kg3 Rf1 42. Kf4 Bb1 43. Nef5+ Kg6 44. f3 Rc1 45. Ng3 Rc4 46. e4 Rc1 47. Ndf5 Ba2 48. Rd8 Rc2 49. Rg8+ Kh7 50. Rg7+ Kh8 51. Nxh5 Be6 52. Nxf6 Bxf5 53. Rg8# 1-0


[Site "https://www.chess.com"]

[Event "Titled Tuesday Blitz June 27 Early 2023"]
[White "Vovk, Orest"]
[Black "Taspinar, Yanki"]
[WhiteFideId "14113490"]
[BlackFideId "34561188"]
[WhiteElo "2502"]
[BlackElo "2685"]
[Result "1-0"]
[Round "3"]
[TimeControl "180+2"]
[Date "2023.06.27"]
[WhiteClock "0:00:08"]
[BlackClock "0:00:00"]
[Board "99"]

1. g4 d5 2. h3 e5 3. Bg2 h5 4. d4 e4 5. c4 c6 6. Nc3 hxg4 7. cxd5 gxh3 8. Bxh3 cxd5 9. Bd7+ Qxd7 10. Rxh8 Qg4 11. Rxg8 Qxg1+ 12. Kd2 Qxf2 13. Qa4+ Bd7 14. Qb4 e3+ 15. Kc2 Bf5+ 16. Kb3 Nd7 17. Nxd5 O-O-O 18. Qc4+ Nc5+ 19. dxc5 Be6 20. Rxf8 Rxf8 21. c6 Qg3 22. cxb7+ Kxb7 23. Qb4+ Kc6 24. Qxf8 Bxd5+ 25. Ka3 Qe1 26. Qb4 Qd1 27. Qc3+ Kd7 28. b3 Qh1 29. Bb2 Qe4 30. Qd4 Qe6 31. Rd1 Qa6+ 32. Qa4+ Qxa4+ 33. Kxa4 Ke6 34. Kb4 f5 35. Bd4 f4 36. Bxa7 g5 37. Rg1 Kf5 38. Kc5 Be4 39. Kd4 g4 40. Rxg4 Bc2 41. Rg8 Bd1 42. Rf8+ Kg5 43. Kd3 Kg4 44. Bxe3 fxe3 45. Kxe3 Bc2 46. Kd2 Bb1 47. Rg8+ Kf5 48. Rg7 Ke6 49. Rg1 Kd6 50. Rxb1 1-0


[Site "https://www.chess.com"]

[Event "Titled Tuesday Blitz June 27 Early 2023"]
[White "Diaz Perez, Michel Alejandro"]
[Black "Erzhanov, Arman"]
[WhiteFideId "3517179"]
[BlackFideId "4138821"]
[WhiteElo "2684"]
[BlackElo "2501"]
[Result "1-0"]
[Round "3"]
[TimeControl "180+2"]
[Date "2023.06.27"]
[WhiteClock "0:01:19"]
[BlackClock "0:00:36"]
[Board "100"]

1. Nf3 d6 2. c4 e5 3. Nc3 Nc6 4. d4 Bg4 5. d5 Nce7 6. e4 g6 7. h3 Bd7 8. Be2 h5 9. Be3 Bh6 10. Qd2 Bxe3 11. Qxe3 a5 12. c5 Nf6 13. Nd2 O-O 14. Nc4 Nc8 15. O-O b5 16. cxb6 cxb6 17. a4 Be8 18. f4 exf4 19. Qxf4 Kg7 20. e5 dxe5 21. Qxe5 Bd7 22. Ne4 Bf5 23. Ng3 Bd7 24. Nxh5+ gxh5 25. Qg5+ Kh8 26. Rxf6 1-0


[Site "https://www.chess.com"]

[Event "Titled Tuesday Blitz June 27 Early 2023"]
[White "Han, Yichen"]
[Black "Jaracz, Pawel"]
[WhiteFideId "1054430"]
[BlackFideId "1102222"]
[WhiteElo "2501"]
[BlackElo "2684"]
[Result "0-1"]
[Round "3"]
[TimeControl "180+2"]
[Date "2023.06.27"]
[WhiteClock "0:00:03"]
[BlackClock "0:01:08"]
[Board "101"]

1. d4 d5 2. c4 dxc4 3. Nf3 a6 4. e3 e6 5. Bxc4 b6 6. O-O Bb7 7. Nc3 Nf6 8. b3 Bb4 9. Bb2 O-O 10. Rc1 Nbd7 11. a3 Bd6 12. Bd3 Qe7 13. b4 a5 14. Nb5 axb4 15. Nxd6 Bxf3 16. Qxf3 bxa3 17. Ra1 Qxd6 18. Bc3 Nd5 19. Bd2 c5 20. e4 Nb4 21. e5 Qxd4 22. Be4 Nxe5 23. Qe3 Qxe3 24. Bxe3 Ra5 25. Bf4 Ned3 26. Bc7 f5 27. Bxb6 Ra6 28. Bxd3 Nxd3 29. Bc7 Rc8 30. Rfd1 c4 31. Bg3 a2 32. Rd2 f4 33. Bh4 c3 34. Rxd3 c2 0-1


[Site "https://www.chess.com"]

[Event "Titled Tuesday Blitz June 27 Early 2023"]
[White "Veiga, Jose Francisco R P Neves"]
[Black "Czerw, Dawid"]
[WhiteFideId "1930087"]
[BlackFideId "1145746"]
[WhiteElo "2681"]
[BlackElo "2495"]
[Result "1-0"]
[Round "3"]
[TimeControl "180+2"]
[Date "2023.06.27"]
[WhiteClock "0:00:05"]
[BlackClock "0:00:00"]
[Board "102"]

1. c4 c6 2. Nc3 d5 3. d4 Nf6 4. Nf3 a6 5. Bg5 Ne4 6. Bf4 Nxc3 7. bxc3 dxc4 8. e4 b5 9. a4 Bb7 10. Be2 Nd7 11. O-O e6 12. Nd2 Be7 13. Bf3 O-O 14. Qc2 c5 15. axb5 axb5 16. Rab1 cxd4 17. Rxb5 d3 18. Qb2 Ba6 19. Nxc4 Bxb5 20. Qxb5 Nc5 21. Rd1 Ra2 22. Be3 Qb8 23. Nb6 Na4 24. Qb3 Ra3 25. Qb5 Nxb6 26. Bxb6 Rxc3 27. Qa5 Ra3 28. Qb5 Rc8 29. h4 Rac3 30. Qb1 R3c6 31. Be3 Qxb1 32. Rxb1 Bc5 33. e5 Bxe3 34. Bxc6 Bf4 35. Bf3 d2 36. Rd1 Rc5 37. g3 Bg5 38. hxg5 1-0


[Site "https://www.chess.com"]

[Event "Titled Tuesday Blitz June 27 Early 2023"]
[White "Aggelis, Nikolaos"]
[Black "Arhan_Anand"]
[WhiteFideId "4213220"]
[WhiteElo "2492"]
[BlackElo "2677"]
[Result "0-1"]
[Round "3"]
[TimeControl "180+2"]
[Date "2023.06.27"]
[WhiteClock "0:02:14"]
[BlackClock "0:02:24"]
[Board "103"]

1. c4 c6 2. g3 d5 3. Bg2 e5 4. Nf3 e4 5. Nd4 dxc4 6. Nc2 Nf6 7. Nc3 Bc5 8. O-O Qe7 9. Ne3 b5 10. a4 b4 11. Nb1 Be6 12. Qc2 b3 13. Qd1 Nbd7 14. Na3 Ne5 15. f4 exf3 16. exf3 O-O-O 17. f4 Bxe3+ 18. Kh1 Neg4 19. Qf3 Bd5 20. dxe3 Bxf3 21. Bxf3 Qc5 0-1


[Site "https://www.chess.com"]

[Event "Titled Tuesday Blitz June 27 Early 2023"]
[White "Devaev, Alexander"]
[Black "Khoroshev, Nikita"]
[WhiteFideId "4169395"]
[BlackFideId "14200287"]
[WhiteElo "2490"]
[BlackElo "2677"]
[Result "1/2-1/2"]
[Round "3"]
[TimeControl "180+2"]
[Date "2023.06.27"]
[WhiteClock "0:00:07"]
[BlackClock "0:00:39"]
[Board "104"]

1. Nf3 Nf6 2. c4 g6 3. Nc3 Bg7 4. e4 d6 5. d4 O-O 6. h3 Na6 7. Bg5 c5 8. d5 e6 9. Bd3 exd5 10. cxd5 Nc7 11. O-O a6 12. a4 Rb8 13. a5 b5 14. axb6 Rxb6 15. Ra2 h6 16. Be3 Re8 17. Nd2 Nb5 18. Nc4 Rb8 19. Na5 Nxc3 20. bxc3 Qc7 21. Nc6 Rb6 22. Qc2 Bd7 23. Na5 Bb5 24. c4 Bd7 25. f3 Nh7 26. Qd2 h5 27. Qc2 Qb8 28. Bf4 Bd4+ 29. Kh1 g5 30. Bh2 Be5 31. f4 gxf4 32. Bxf4 Bxf4 33. Rxf4 Re5 34. Qf2 Qf8 35. Rb2 Rxb2 36. Qxb2 Qd8 37. Nc6 Bxc6 38. dxc6 Qc7 39. Qb7 Re7 40. Qxa6 Nf8 41. Rf5 h4 42. Rg5+ Ng6 43. e5 Rxe5 44. Rxe5 Nxe5 45. Be4 Kf8 46. Qb7 Qa5 47. Qb8+ Ke7 48. Qb7+ Kf6 49. Qb1 Qc7 50. Qf1+ Ke7 51. Bd5 Qa7 52. Qe1 Qb6 53. Qxh4+ Kf8 54. Qh8+ Ke7 55. Qh4+ Ke8 56. Qe1 Kd8 57. Qh4+ Ke8 58. Qh8+ Ke7 59. Qh4+ 1/2-1/2


[Site "https://www.chess.com"]

[Event "Titled Tuesday Blitz June 27 Early 2023"]
[White "StiffMaster1"]
[Black "Osmak, Yuliia"]
[BlackFideId "14101602"]
[WhiteElo "2674"]
[BlackElo "2490"]
[Result "0-1"]
[Round "3"]
[TimeControl "180+2"]
[Date "2023.06.27"]
[WhiteClock "0:00:00"]
[BlackClock "0:00:06"]
[Board "105"]

1. Nf3 c5 2. g3 Nc6 3. Bg2 e5 4. Nc3 d5 5. e4 d4 6. Nd5 Nf6 7. c4 dxc3 8. dxc3 Nxe4 9. Nxe5 Nxe5 10. Bxe4 Bg4 11. Qa4+ Bd7 12. Qb3 Bc6 13. c4 Bd6 14. O-O O-O 15. Bf4 Re8 16. Rad1 Qb8 17. Bg2 a5 18. a4 Ra6 19. Qc2 h6 20. b3 Bd7 21. Rfe1 Bg4 22. Rb1 Nf3+ 23. Bxf3 Rxe1+ 24. Rxe1 Bxf3 25. Qf5 Bxd5 26. cxd5 Bxf4 27. gxf4 Rf6 28. Qe5 Qd8 29. Qe8+ Qxe8 30. Rxe8+ Kh7 31. Re7 Rb6 32. Rxf7 Rxb3 33. Rc7 b6 34. d6 Rd3 35. d7 c4 36. Kf1 c3 37. Ke2 Rd5 38. Rxc3 Rxd7 39. Rb3 Rd6 40. f5 Kg8 41. Ke3 Kf7 42. Ke4 Kf6 43. Rb5 Rc6 44. Ke3 Rd6 45. Ke4 h5 46. h4 Kf7 47. Ke5 Rc6 48. f4 Ke7 49. Kd5 Rf6 50. Ke4 Rc6 51. Kd5 Rf6 52. Ke4 Rc6 53. f6+ Kxf6 54. Rxh5 Rc4+ 55. Kd5 Rxa4 56. f5 Rf4 57. Kc6 Rxf5 58. Rh8 b5 59. Rf8+ Kg6 60. Ra8 a4 61. Ra7 Kh6 62. Kd6 Rf4 63. Ke5 Rxh4 64. Kf5 Rb4 65. Ra6+ Kh7 66. Ra8 Rb3 67. Ke4 a3 68. Kd4 b4 69. Kc4 Rb2 70. Ra5 a2 71. Rh5+ Kg8 72. Rh1 b3 73. Rd1 Rb1 0-1


[Site "https://www.chess.com"]

[Event "Titled Tuesday Blitz June 27 Early 2023"]
[White "Ginzburg, Yakov"]
[Black "Danielyan, Vahe"]
[WhiteFideId "4157176"]
[BlackFideId "13304828"]
[WhiteElo "2489"]
[BlackElo "2671"]
[Result "0-1"]
[Round "3"]
[TimeControl "180+2"]
[Date "2023.06.27"]
[WhiteClock "0:00:01"]
[BlackClock "0:00:27"]
[Board "106"]

1. e4 c5 2. Nf3 Nc6 3. d4 cxd4 4. Nxd4 g6 5. c4 Nf6 6. Nc3 Nxd4 7. Qxd4 d6 8. Be3 Bg7 9. f3 O-O 10. Qd2 Be6 11. Rc1 a5 12. Nd5 a4 13. Nb6 Ra6 14. c5 Rxb6 15. cxb6 d5 16. e5 Nd7 17. f4 Nxb6 18. Qd4 Nc4 19. Bxc4 dxc4 20. Qxd8 Rxd8 21. Kf2 b5 22. Rhd1 Bd5 23. b3 cxb3 24. axb3 axb3 25. Rc5 e6 26. Rxb5 Rc8 27. Rc1 Ra8 28. Rbc5 Ra2+ 29. Kg3 Bf8 30. Rc8 Kg7 31. Rb8 Rxg2+ 32. Kh3 Re2 33. Bd4 Re4 34. Bc5 Bxc5 35. Rxc5 Rxf4 36. Rcc8 Re4 37. Rg8+ Kh6 38. Rbf8 b2 39. Rb8 Re3+ 40. Kh4 Rb3 0-1


[Site "https://www.chess.com"]

[Event "Titled Tuesday Blitz June 27 Early 2023"]
[White "Korchmar, Vasiliy"]
[Black "Baches Garcia, Guillermo"]
[WhiteFideId "24131750"]
[BlackFideId "2209764"]
[WhiteElo "2671"]
[BlackElo "2489"]
[Result "1-0"]
[Round "3"]
[TimeControl "180+2"]
[Date "2023.06.27"]
[WhiteClock "0:00:42"]
[BlackClock "0:00:00"]
[Board "107"]

1. e4 d5 2. exd5 Qxd5 3. Nc3 Qa5 4. d4 Nf6 5. Nf3 Bf5 6. Ne5 c6 7. Bc4 e6 8. g4 Bg6 9. h4 Nbd7 10. Nxd7 Nxd7 11. h5 Be4 12. O-O Bd5 13. Nxd5 cxd5 14. Bd3 Bd6 15. Bd2 Qc7 16. Qf3 g6 17. h6 O-O 18. Rac1 Rae8 19. c4 dxc4 20. Bxc4 Qd8 21. Bc3 Qh4 22. Qg2 Qxh6 23. d5 Nb6 24. Bb5 Nxd5 25. Bxe8 Nf4 26. Qh1 Ne2+ 27. Kg2 Qg5 28. Qxh7+ Kxh7 29. Rh1+ Qh6 30. g5 Nf4+ 31. Kf3 Qh5+ 32. Rxh5+ Nxh5 33. Ba4 Rc8 34. Rd1 Bf8 35. Rd7 Kg8 36. Rxb7 Rc5 37. Rxa7 Rf5+ 38. Ke4 Rxg5 39. Ra8 f5+ 40. Ke3 Kf7 41. Ra7+ Kg8 42. Ra8 Kf7 43. Be8+ Ke7 44. Bb4+ Kf6 45. Bxf8 1-0


[Site "https://www.chess.com"]

[Event "Titled Tuesday Blitz June 27 Early 2023"]
[White "Srebrnic, Marko"]
[Black "djokovic74"]
[WhiteFideId "14603616"]
[WhiteElo "2487"]
[BlackElo "2670"]
[Result "1/2-1/2"]
[Round "3"]
[TimeControl "180+2"]
[Date "2023.06.27"]
[WhiteClock "0:00:10"]
[BlackClock "0:00:08"]
[Board "108"]

1. e4 e5 2. Nc3 Nc6 3. Bc4 Nf6 4. d3 Bc5 5. f4 d6 6. Nf3 Bg4 7. h3 Bxf3 8. Qxf3 Nd4 9. Qg3 Nh5 10. Qg4 g6 11. Kd1 Qd7 12. fxe5 dxe5 13. Be3 Qxg4+ 14. hxg4 Nf6 15. Rh4 h5 16. g5 Ng4 17. Bxd4 Bxd4 18. Ke2 Be3 19. Rxg4 hxg4 20. Kxe3 c6 21. Rf1 Rh7 22. Kf2 a5 23. a4 Ke7 24. Kg3 Rf8 25. Nd1 Rh5 26. Kxg4 f6 27. gxf6+ Rxf6 28. Rxf6 Kxf6 29. Nf2 Rg5+ 30. Kf3 Rh5 31. c3 c5 32. Bd5 b6 33. Bc6 Ke6 34. Bb7 Rh8 35. Bd5+ Kd6 36. Kg3 Rf8 37. Bb3 Rf6 38. Bd1 Rf8 39. Be2 Rb8 40. c4 Rf8 41. Ng4 Rh8 42. Ne3 Rh1 43. Bf1 Kd7 44. Kf2 Kd6 45. Nd5 Rh8 46. Kg3 Rh1 47. Kf2 Rh8 48. Be2 Ke6 49. b3 Kd6 50. Kg3 Rh1 51. Nxb6 Rb1 52. Bg4 Rxb3 53. Nd5 Rxd3+ 54. Kh4 Rd4 55. Bf3 Rxc4 56. Kg5 Rxa4 57. Kxg6 c4 58. Be2 Kc5 59. g4 Ra2 60. Bd1 Kd4 61. g5 c3 62. Nxc3 Kxc3 63. Bg4 a4 64. Kf5 a3 65. Kxe5 Rg2 66. Be6 Kb2 67. Kf6 Kc3 68. e5 Kd4 69. g6 Rf2+ 70. Ke7 Kxe5 71. g7 Rg2 72. g8=Q Rxg8 73. Bxg8 Kd4 74. Bf7 Kc3 75. Be6 Kb2 76. Bd5 Kc3 77. Be6 Kd4 78. Bf7 Ke5 79. Bg8 Kd4 80. Kd6 Kc3 81. Kc5 Kc2 82. Kb4 Kb2 83. Bf7 a2 84. Bxa2 1/2-1/2


[Site "https://www.chess.com"]

[Event "Titled Tuesday Blitz June 27 Early 2023"]
[White "Agibileg, Uurtsaikh"]
[Black "Koutlas, Nikolaos"]
[WhiteFideId "4901606"]
[BlackFideId "25827138"]
[WhiteElo "2669"]
[BlackElo "2484"]
[Result "0-1"]
[Round "3"]
[TimeControl "180+2"]
[Date "2023.06.27"]
[WhiteClock "0:00:08"]
[BlackClock "0:00:08"]
[Board "109"]

1. d4 Nf6 2. c4 c5 3. d5 e5 4. Nc3 d6 5. e4 g6 6. Nf3 Bg7 7. Be2 O-O 8. O-O a6 9. a4 a5 10. Ne1 Na6 11. Be3 Nb4 12. g3 Bh3 13. Ng2 Qd7 14. f4 Ng4 15. Bc1 exf4 16. gxf4 f5 17. Rf3 Bd4+ 18. Ne3 Nxe3 19. Bxe3 fxe4 20. Nxe4 Qg4+ 21. Ng3 Rxf4 22. Bxd4 Rxd4 23. Qc1 Qh4 24. Raa3 Re8 25. Rae3 Rxe3 26. Qxe3 Kg7 27. Qe8 Rf4 28. Nh5+ gxh5 29. Rg3+ Bg4 30. Qd7+ Kh6 31. Qxd6+ Qf6 32. Qxf6+ Rxf6 33. Bxg4 hxg4 34. Re3 Kg6 35. Kg2 b6 36. Re8 h5 37. Kg3 Kg5 38. Rg8+ Rg6 39. Rd8 h4+ 40. Kg2 Rf6 41. Rg8+ Kf5 42. Rh8 h3+ 43. Kg3 Nd3 44. Rg8 Ne5 45. b3 Ng6 46. Re8 Kg5 47. Re3 Rf3+ 48. Rxf3 gxf3 49. Kxf3 Kf5 50. Kg3 Ne5 51. Kxh3 Nd3 52. Kg3 Nc1 53. h4 Nxb3 54. h5 Nd2 55. d6 Ne4+ 56. Kh4 Nxd6 57. h6 Kg6 58. Kg4 Nxc4 59. Kf4 Kxh6 60. Ke4 Nb2 0-1


[Site "https://www.chess.com"]

[Event "Titled Tuesday Blitz June 27 Early 2023"]
[White "Kvaloy, Aksel Bu"]
[Black "Kielinkei"]
[WhiteFideId "1528815"]
[WhiteElo "2666"]
[BlackElo "2481"]
[Result "1-0"]
[Round "3"]
[TimeControl "180+2"]
[Date "2023.06.27"]
[WhiteClock "0:00:22"]
[BlackClock "0:00:09"]
[Board "110"]

1. e4 c5 2. Nf3 e6 3. d4 cxd4 4. Nxd4 Nc6 5. Nc3 Qc7 6. Be3 a6 7. g4 Nxd4 8. Qxd4 b5 9. O-O-O Ne7 10. g5 Nc6 11. Qd2 Bb4 12. h4 Ne5 13. Bf4 d6 14. Kb1 O-O 15. h5 Bxc3 16. bxc3 Nc4 17. Bxc4 bxc4 18. Bxd6 Qb7+ 19. Ka1 Rd8 20. g6 fxg6 21. hxg6 h6 22. Qf4 Ra7 23. Bc7 Rf8 24. Rd8 Rxd8 25. Qf7+ Kh8 26. Rxh6+ gxh6 27. Be5# 1-0


[Site "https://www.chess.com"]

[Event "Titled Tuesday Blitz June 27 Early 2023"]
[White "Ritvin, Stanislav"]
[Black "Ashraf, Artin"]
[WhiteFideId "2011751"]
[BlackFideId "22514805"]
[WhiteElo "2479"]
[BlackElo "2663"]
[Result "1-0"]
[Round "3"]
[TimeControl "180+2"]
[Date "2023.06.27"]
[WhiteClock "0:00:22"]
[BlackClock "0:00:00"]
[Board "111"]

1. e4 c5 2. Nf3 d6 3. Nc3 Nf6 4. Bc4 a6 5. d3 b5 6. Bb3 e6 7. O-O Bb7 8. Re1 Nbd7 9. h3 Rc8 10. a4 Qb6 11. axb5 axb5 12. Bf4 Be7 13. Qd2 O-O 14. e5 dxe5 15. Nxe5 Nxe5 16. Bxe5 c4 17. dxc4 Qc6 18. Qg5 h6 19. Qg3 bxc4 20. Ba4 Qb6 21. Red1 Kh7 22. Bd4 Qb4 23. Bb5 Ra8 24. Qc7 Bd5 25. Rxa8 Rxa8 26. Bc6 Bxc6 27. Qxc6 Rd8 28. Qf3 Qxb2 29. Nd5 Qxc2 30. Nxe7 e5 31. Nc6 1-0


[Site "https://www.chess.com"]

[Event "Titled Tuesday Blitz June 27 Early 2023"]
[White "Corredor Castellanos, Camilo"]
[Black "Alex_Sahakyan2006"]
[WhiteFideId "4425871"]
[WhiteElo "2479"]
[BlackElo "2658"]
[Result "0-1"]
[Round "3"]
[TimeControl "180+2"]
[Date "2023.06.27"]
[WhiteClock "0:01:05"]
[BlackClock "0:01:31"]
[Board "112"]

1. e4 Nc6 2. Nf3 d6 3. g3 Nf6 4. d3 g6 5. Bg2 Bg7 6. O-O O-O 7. Nbd2 e5 8. c3 d5 9. Qe2 d4 10. h3 Re8 11. Rd1 a5 12. a4 b6 13. Nc4 Ba6 14. cxd4 exd4 15. b3 Nd5 16. Bb2 Qd7 17. Rac1 Rad8 18. Re1 h6 19. h4 Nc3 20. Qd2 Bxc4 21. bxc4 Nxa4 22. Ba1 Nc5 23. Nh2 Ne5 24. Bf1 Nb3 25. Qc2 Nxc1 26. Rxc1 h5 27. Nf3 Nxf3+ 0-1


[Site "https://www.chess.com"]

[Event "Titled Tuesday Blitz June 27 Early 2023"]
[White "Sahib Singh"]
[Black "Flynn, Jacob"]
[WhiteFideId "25618342"]
[BlackFideId "2509393"]
[WhiteElo "2658"]
[BlackElo "2474"]
[Result "1-0"]
[Round "3"]
[TimeControl "180+2"]
[Date "2023.06.27"]
[WhiteClock "0:00:07"]
[BlackClock "0:00:42"]
[Board "113"]

1. e4 e5 2. Bc4 Nf6 3. d4 exd4 4. Nf3 Nc6 5. e5 d5 6. Bb5 Ne4 7. Nxd4 Bd7 8. Bxc6 bxc6 9. O-O Bc5 10. Be3 Bb6 11. Nd2 Nxd2 12. Qxd2 O-O 13. c3 f6 14. e6 Bxd4 15. Bxd4 Bxe6 16. Rfe1 Qd7 17. Re3 Rfe8 18. Rae1 a5 19. Bc5 a4 20. Qe2 Bf7 21. Qd1 Rxe3 22. Rxe3 Re8 23. Qxa4 Rxe3 24. Bxe3 Be6 25. Qa8+ Kf7 26. Bc5 Kg6 27. Qa4 Bf5 28. Qf4 Qe6 29. h3 Qe1+ 30. Kh2 Qe5 31. Qg3+ Qxg3+ 32. Kxg3 Bc2 33. Ba7 Kf5 34. f3 Ke6 35. Kf4 g5+ 36. Ke3 f5 37. g3 h5 38. f4 g4 39. h4 Ba4 40. b3 Bb5 41. a4 Ba6 42. Kd4 Bb7 43. b4 Ba8 44. Kc5 Bb7 45. Bb8 Kd7 46. Kd4 Kd6 47. Ba7 Ke6 48. Bc5 Ba6 49. Bf8 Bb7 50. Bg7 Ba8 51. Be5 Kd7 52. Bf6 Bb7 53. Ke5 c5 54. bxc5 Kc6 55. Kxf5 Kxc5 56. Kg5 Bc6 57. a5 Kb5 58. Bd8 Kxa5 59. Bxc7+ Kb5 60. Kxh5 Bd7 61. Be5 Kc4 62. Kg5 Kd3 63. Bd4 Ke4 64. h5 Bf5 65. h6 Bh7 66. Kxg4 Kd3 67. Kg5 Ke4 68. g4 Kf3 69. f5 Kg3 70. f6 Bg8 1-0


[Site "https://www.chess.com"]

[Event "Titled Tuesday Blitz June 27 Early 2023"]
[White "Silva, Caio Henrique Angelico"]
[Black "Kjartansson, David"]
[WhiteFideId "22777210"]
[BlackFideId "2301130"]
[WhiteElo "2470"]
[BlackElo "2658"]
[Result "0-1"]
[Round "3"]
[TimeControl "180+2"]
[Date "2023.06.27"]
[WhiteClock "0:00:05"]
[BlackClock "0:01:04"]
[Board "114"]

1. d4 d6 2. Nf3 Nf6 3. g3 Nbd7 4. Bg2 e5 5. O-O Be7 6. c4 c6 7. Nc3 Qc7 8. e4 O-O 9. b3 Re8 10. Bb2 Nf8 11. dxe5 dxe5 12. Qc2 Ng6 13. Rad1 a5 14. a3 Bf8 15. Na4 b6 16. c5 b5 17. Nb6 Rb8 18. Nxc8 Rbxc8 19. b4 axb4 20. axb4 Ra8 21. Bc3 Ra4 22. Nd2 Rea8 23. Nb3 h5 24. Na5 h4 25. Rd2 hxg3 26. hxg3 R8xa5 27. bxa5 Bxc5 28. Qb3 Nxe4 29. Bxe4 Rxe4 30. Ra2 Ne7 31. a6 Nd5 32. Bd2 Rg4 33. Kg2 e4 34. Rfa1 Ba7 35. Ba5 Qe5 36. Qd1 f5 37. Qe2 Nf4+ 38. Kf1 Nxe2 39. Kxe2 f4 0-1


[Site "https://www.chess.com"]

[Event "Titled Tuesday Blitz June 27 Early 2023"]
[White "Manukyan, Sargis A."]
[Black "Eynullayev, Atilla"]
[WhiteFideId "13303970"]
[BlackFideId "13413570"]
[WhiteElo "2655"]
[BlackElo "2470"]
[Result "1-0"]
[Round "3"]
[TimeControl "180+2"]
[Date "2023.06.27"]
[WhiteClock "0:02:50"]
[BlackClock "0:02:12"]
[Board "115"]

1. d4 Nf6 2. c4 e6 3. Nc3 Bb4 4. a3 Bxc3+ 5. bxc3 O-O 6. e3 c5 7. Bd3 Nc6 8. Ne2 b6 9. O-O Na5 10. e4 Ne8 11. Ng3 Ba6 12. f4 f5 13. exf5 exf5 14. dxc5 g6 15. cxb6 Qxb6+ 16. Kh1 Bxc4 17. Bxc4+ Nxc4 18. Qd5+ Qe6 19. Qxa8 d5 1-0


[Site "https://www.chess.com"]

[Event "Titled Tuesday Blitz June 27 Early 2023"]
[White "Karttunen, Mika"]
[Black "Kovalevsky, Stanislav"]
[WhiteFideId "502081"]
[BlackFideId "13508598"]
[WhiteElo "2651"]
[BlackElo "2470"]
[Result "1-0"]
[Round "3"]
[TimeControl "180+2"]
[Date "2023.06.27"]
[WhiteClock "0:00:19"]
[BlackClock "0:00:05"]
[Board "116"]

1. e4 e6 2. d4 d5 3. Nc3 dxe4 4. Nxe4 Nf6 5. Nxf6+ gxf6 6. Nf3 Nc6 7. Be3 Ne7 8. Bd3 Bd7 9. O-O Bc6 10. c4 Qd6 11. d5 exd5 12. c5 Qd7 13. Nd4 O-O-O 14. b4 Ba4 15. Qf3 Kb8 16. b5 Ng6 17. c6 Qd6 18. cxb7 Ne5 19. Qe2 Rg8 20. Rfc1 Qa3 21. Bf5 Bd6 22. Qd2 Bb4 23. Qe2 Bc3 24. Rab1 Bxd4 25. Bxd4 Nf3+ 26. Kh1 Nxd4 27. Qh5 Rg5 28. Qxf7 Qd6 29. Bh3 Kxb7 30. b6 axb6 31. Qxh7 Bc2 32. Rxc2 Nxc2 33. Qxc2 Re5 34. a4 Rde8 35. g3 Re1+ 36. Rxe1 Rxe1+ 37. Kg2 Qe5 38. Bf5 Re2 39. Qd3 Qb2 40. Qxd5+ Ka7 41. Qf3 Rd2 42. h4 Qd4 43. h5 Qxa4 44. h6 Qe8 45. h7 Rd8 46. Qa3+ Kb8 47. Qb4 Qf8 48. Qg4 Qd6 49. Be4 f5 50. Qxf5 Rh8 51. Bf3 b5 52. Qe4 Kc8 53. Qa8+ Kd7 54. Qxh8 b4 55. Qg7+ Ke6 56. h8=Q b3 57. Qhg8+ Kf5 58. Q8f7+ 1-0


[Site "https://www.chess.com"]

[Event "Titled Tuesday Blitz June 27 Early 2023"]
[White "Florescu, Codrut-Constantin"]
[Black "Jovic, Stanoje"]
[WhiteFideId "1202200"]
[BlackFideId "905020"]
[WhiteElo "2649"]
[BlackElo "2469"]
[Result "1/2-1/2"]
[Round "3"]
[TimeControl "180+2"]
[Date "2023.06.27"]
[WhiteClock "0:01:05"]
[BlackClock "0:01:24"]
[Board "117"]

1. e4 c6 2. d4 d5 3. e5 c5 4. Nf3 Nc6 5. c4 Bg4 6. dxc5 dxc4 7. Qxd8+ Rxd8 8. Bxc4 Bxf3 9. gxf3 Nxe5 10. Bb5+ Nc6 11. Be3 Nf6 12. Nc3 e6 13. a3 Nd5 14. Nxd5 Rxd5 15. Rc1 Be7 16. Ke2 Bf6 17. Rc2 Ke7 18. Bxc6 bxc6 19. Rd1 Rb8 20. Rxd5 exd5 21. b4 a5 22. Bd2 axb4 23. axb4 Ra8 24. h3 Ra3 25. b5 cxb5 26. c6 Kd8 27. Rc5 Ra2 28. Kd1 Ra1+ 29. Ke2 Ra2 30. Kd1 Ra1+ 31. Ke2 Ra2 1/2-1/2


[Site "https://www.chess.com"]